 Dungeon Crawl Stone Soup version 0.18.1-50-g88ac8fd (webtiles) character file.

37002 wolfsongas the Peltast (level 13, 0/175 HPs)
             Began as a Minotaur Fighter on May 2, 2017.
             Was a High Priest of the Shining One.
             Slain by a spiny frog (6 damage)
             ... on level 8 of the Lair of Beasts.
             The game lasted 01:38:07 (18421 turns).

wolfsongas the Peltast (Minotaur Fighter)          Turns: 18421, Time: 01:38:08

Health: 0/175      AC: 26    Str: 24    XL:     13   Next: 56%
Magic:  12/12      EV:  2    Int:  5    God:    the Shining One [*****.]
Gold:   698        SH:  0    Dex: 17    Spells: 2 memorised, 6 levels left

rFire  . . .     SeeInvis .     d - +1 double sword (elec)
rCold  . . .     Gourm    .     (armour currently unavailable)
rNeg   + + +     Faith    +     c - +0 shield
rPois  +         Spirit   .     (helmet currently unavailable)
rElec  .         Dismiss  .     (cloak currently unavailable)
rCorr  .         Reflect  .     (gloves currently unavailable)
SustAt .         Harm     .     (boots currently unavailable)
MR     +....     NoTele   +     m - amulet of faith
Stlth  +.........               W - +1 ring of evasion
                                y - ring of flight

@: confused, agile, tree-form (expiring), glowing, somewhat resistant to hostile
enchantments, very unstealthy
A: (retaliatory headbutt), (claws 0), (hooves 0), (horns 0), (icy blue scales
0), (cold resistance 0), magic resistance 1, screaming 1, evolution 1
a: Divine Shield, Cleansing Flame, Summon Divine Warrior, Renounce Religion


You were on level 8 of the Lair of Beasts.
You worshipped the Shining One.
The Shining One was extremely pleased with you.
You were full.
You were a tree.
You visited 2 branches of the dungeon, and saw 19 of its levels.

You collected 920 gold pieces.
You spent 222 gold pieces at shops.

Inventory:

Hand Weapons
 d - a +1 double sword of electrocution (weapon)
 h - the +5 long sword of Buekhlirr {freeze, *Noise rPois MP+9 Int+5}
   (You found it on level 8 of the Dungeon)

   It has been specially enchanted to freeze those struck by it, causing extra
   injury to most foes and up to half again as much damage against particularly
   susceptible opponents.
   It can also slow down cold-blooded creatures.
   It affects your intelligence (+5).
   It protects you from poison.
   It affects your magic capacity (+9).
   It may make noises in combat.
 v - a +1 long sword of holy wrath
 Z - a +0 falchion
Armour
 a - a +2 plate armour of cold resistance (melded)
 b - the +2 cloak of True Grit (melded) {Slay+3}
   (You bought it in a shop on level 7 of the Dungeon)

   It affects your accuracy and damage with ranged weapons and melee attacks
   (+3).
 c - a +0 shield (worn)
 g - a +0 pair of boots (melded)
 k - a +0 pair of gloves (melded)
 M - a +2 hat (melded)
Jewellery
 j - an uncursed ring of resist corrosion {unknown}
 l - an uncursed amulet of the gourmand
 m - an amulet of faith (around neck)
 w - an uncursed amulet of harm {unknown}
 y - a ring of flight (left branch)
 W - a +1 ring of evasion (right branch)
Wands
 o - a wand of digging (23/24)
 J - a wand of flame (14/48)
Scrolls
 u - 6 scrolls of remove curse
 D - 5 scrolls of teleportation
 K - 2 scrolls of fear
 R - a scroll of fog
Potions
 e - 3 potions of magic
 t - a potion of curing
 x - 2 potions of ambrosia
 C - a potion of invisibility
 H - 4 potions of flight
 O - a potion of lignification
 V - 3 potions of haste {unknown}
 Y - a potion of heal wounds
Books
 I - Sif Muna's Disquisition on Moulding
   (You found it on level 7 of the Dungeon)

   Spells                             Type                      Level
   a - Beastly Appendage              Transmutation                1
 N - a book of Changes

   Spells                             Type                      Level
   a - Beastly Appendage              Transmutation                1
   b - Sticks to Snakes               Transmutation                2
   c - Spider Form                    Transmutation/Poison         3
   d - Ice Form                       Ice/Transmutation            4
   e - Blade Hands                    Transmutation                5
Miscellaneous
 B - an ornate deck of wonders {drawn: 1}
 L - a box of beasts
Comestibles
 f - 7 bread rations
 i - 9 meat rations
 n - 4 beef jerkies
 F - a royal jelly
 U - 3 fruits


   Skills:
 + Level 11.9 Fighting
 + Level 12.3 Long Blades
   Level 6.3 Polearms
 + Level 12.2 Armour
 + Level 8.7 Dodging
 + Level 2.1 Stealth
 + Level 15.0 Shields
 + Level 0.6 Invocations
 + Level 1.0 Evocations


You had 6 spell levels left.
You knew the following spells:

 Your Spells              Type           Power        Failure   Level  Hunger
a - Beastly Appendage     Trmt           #.....       56%         1    ##.....
b - Blade Hands           Trmt           #.........   100%        5    ######.


Dungeon Overview and Level Annotations

Branches:
Dungeon (12/15)            Temple (0/1) D:4            Lair (6/8) D:8
 Shoals (0/4) Lair:3       Spider (0/4) Lair:3
  Slime: Lair:6-8       Orc: D:9-12

Altars:
Cheibriados
Kikubaaqudgha
Okawaru
Pakellas
Qazlal
Sif Muna
Trog
Vehumet
The Shining One

Shops:
D:7 [   D:8 [:!!(   D:9 (

Annotations:
D:8 4 runed doors


Innate Abilities, Weirdness & Mutations

((You reflexively headbutt those who attack you in melee.))
((You have a pair of horns on your head.))
((You have sharp fingernails.))
((You have large cloven feet.))
((You are partially covered in icy blue scales (AC +1).))
((Your flesh is cold resistant.))
You are resistant to hostile enchantments.
You occasionally shout uncontrollably at your foes.
You evolve.


Message History

* * * LOW HITPOINT WARNING * * *
The spiny frog stings you but does no damage.
The spiny frog stings you!
* * * LOW HITPOINT WARNING * * *
The spiny frog stings you but does no damage. x2
You cannot move. (Use ctrl+direction to attack without moving.)
You cannot move. (Use ctrl+direction to attack without moving.)
You cannot move. (Use ctrl+direction to attack without moving.) Unknown command.
You cannot move. (Use ctrl+direction to attack without moving.)
You cannot move. (Use ctrl+direction to attack without moving.)
You barely miss the spiny frog.
The spiny frog is heavily wounded.
The vampire mosquito bites you but does no damage.
The blink frog blinks!
The spiny frog stings you but does no damage.
The vampire mosquito bites you but does no damage.
The spiny frog stings you but does no damage.
The spiny frog stings you.
You die...

............P.
.......P.....
.P..........
.P........§
≈≈........
P≈≈≈P..F.
≈P≈≈;.FF##
≈P≈;.FF♣F#
≈≈P≈;FFFy#
≈≈≈≈≈FFFFF......
≈≈≈≈≈≈;FFF......
≈≈≈≈PP≈.≈..≈(...
≈≈≈≈≈≈≈...≈.....
≈≈≈≈≈≈≈≈..P..P..
≈≈≈≈≈≈≈≈.≈..PP..
≈≈≈≈≈P≈.....P..


You could see 8 spiny frogs, 2 blink frogs, a vampire mosquito, 7 giant frogs
and 4 electric eels.

Vanquished Creatures
  The ghost of erezeth the Basher, a journeyman OgBe of Trog (D:10)
  Harold (D:11)
  2 hydras (Lair:5)
  2 unseen horrors
  3 skeletal warriors (D:12)
  3 hill giants (D:10)
  An ugly thing (D:11)
  9 black mambas
  A siren (Lair:3)
  A gargoyle (D:9)
  9 spiny frogs
  3 komodo dragons
  A rime drake (Lair:6)
  A polar bear (Lair:2)
  2 trolls
  A two-headed ogre (D:7)
  Prince Ribbit (D:6)
  16 blink frogs
  Sigmund (D:2)
  A spriggan (D:7)
  Eustachio (D:4)
  32 yaks
  A wyvern (D:9)
  Grum (D:9)
  4 basilisks
  2 hungry ghosts
  5 hippogriffs
  A vampire mosquito (Lair:8)
  2 wargs (D:8)
  11 porcupines
  A soldier ant (D:12)
  15 water moccasins
  4 sky beasts
  6 orc warriors
  6 ice beasts
  3 phantoms
  3 ogres
  An eye of draining (D:11)
  A necrophage (D:10)
  12 wolves
  3 crocodiles
  8 centaurs
  2 gnoll sergeants
  16 giant frogs
  A wyvern zombie (D:10)
  A scorpion (D:7)
  A water moccasin skeleton (D:7)
  12 killer bees
  4 wights (D:11)
  2 howler monkeys
  2 electric eels (D:8)
  4 crimson imps
  2 giant frog zombies
  2 quasits
  8 hounds
  5 orc priests
  2 jellies
  2 centaur skeletons
  A gnoll shaman (D:5)
  9 orc wizards
  11 iguanas
  6 worker ants
  Ijyb (D:2)
  A hound skeleton (D:10)
  2 hound zombies (D:6)
  A worker ant zombie (D:5)
  25 adders
  9 gnolls
  42 river rats
  3 shadow imps
  An ooze (D:3)
  An adder zombie (D:5)
  2 adder skeletons (D:8)
  2 dart slugs
  7 giant geckos
  51 orcs
  2 ball pythons
  4 bats
  7 giant cockroaches
  10 hobgoblins
  15 jackals
  14 kobolds
  4 quokkas
  2 giant gecko skeletons
  A giant gecko zombie (D:7)
  5 giant newts
  8 goblins
  A jackal skeleton (D:5)
  A quokka skeleton (D:5)
  7 rats
  A bush (Lair:4)
  12 fungi
  13 plants
531 creatures vanquished.

Vanquished Creatures (others)
  12 fungi
  9 plants
21 creatures vanquished.

Grand Total: 552 creatures vanquished

Notes
Turn   | Place    | Note
--------------------------------------------------------------
     0 | D:1      | wolfsongas the Minotaur Fighter began the quest for the Orb.
     0 | D:1      | Reached XP level 1. HP: 19/19 MP: 0/0
   174 | D:1      | Reached XP level 2. HP: 19/27 MP: 1/1
   568 | D:1      | Reached skill level 1 in Dodging
   711 | D:1      | Reached XP level 3. HP: 32/33 MP: 2/2
  1013 | D:2      | Reached skill level 4 in Shields
  1082 | D:2      | Found an oddly glowing altar of Pakellas.
  1083 | D:2      | Noticed Ijyb
  1099 | D:2      | Killed Ijyb
  1099 | D:2      | Reached XP level 4. HP: 41/41 MP: 3/3
  1320 | D:2      | Found a snail-covered altar of Cheibriados.
  1428 | D:2      | Noticed Sigmund
  1443 | D:2      | Killed Sigmund
  1443 | D:2      | Reached skill level 5 in Shields
  1443 | D:2      | Reached XP level 5. HP: 20/47 MP: 4/4
  1820 | D:2      | Reached XP level 6. HP: 55/55 MP: 5/5
  1887 | D:2      | Found an oddly glowing altar of Pakellas.
  1898 | D:2      | Reached skill level 5 in Fighting
  2061 | D:3      | Found an iron altar of Okawaru.
  2554 | D:3      | Reached skill level 1 in Polearms
  2682 | D:3      | Noticed a hippogriff
  2687 | D:3      | Gained mutation: Your muscles are strong. (Str +2) [potion of mutation]
  2687 | D:3      | Gained mutation: Your magical capacity is low (-10% MP). [potion of mutation]
  2687 | D:3      | Gained mutation: You are partially covered in thin metallic scales (AC +2). [potion of mutation]
  2695 | D:3      | Killed a hippogriff
  2695 | D:3      | Reached skill level 5 in Armour
  2695 | D:3      | Reached skill level 6 in Shields
  2695 | D:3      | Reached XP level 7. HP: 57/61 MP: 5/5
  3809 | D:4      | Noticed Eustachio
  3828 | D:4      | Killed Eustachio
  3877 | D:4      | Found a staircase to the Ecumenical Temple.
  3914 | D:4      | Reached skill level 7 in Shields
  4072 | D:4      | Reached XP level 8. HP: 69/69 MP: 6/6
  4451 | D:5      | Entered Level 5 of the Dungeon
  4863 | D:5      | Reached skill level 1 in Stealth
  5025 | D:5      | Reached skill level 5 in Dodging
  5030 | D:5      | Reached skill level 8 in Shields
  5061 | D:5      | Gained mutation: Your magical capacity is very low (-20% MP). [mutagenic meat]
  5062 | D:5      | Gained mutation: Your muscles are very strong. (Str +4) [mutagenic meat]
  5063 | D:5      | Lost mutation: Your muscles are very strong. (Str +4) [mutagenic meat]
  5064 | D:5      | Gained mutation: You are partially covered in icy blue scales (AC +1). [mutagenic meat]
  5065 | D:5      | Gained mutation: You have sharp fingernails. [mutagenic meat]
  5066 | D:5      | Gained mutation: You possess an exceptional clarity of mind. [mutagenic meat]
  5232 | D:5      | You fall through a shaft!
  5636 | D:6      | Noticed Prince Ribbit
  5642 | D:6      | Killed Prince Ribbit
  5647 | D:6      | Reached XP level 9. HP: 61/75 MP: 6/6
  5660 | D:6      | Found a glowing golden altar of the Shining One.
  5670 | D:6      | Became a worshipper of the Shining One
  6224 | D:7      | Reached skill level 5 in Polearms
  6246 | D:7      | Found an ancient bone altar of Kikubaaqudgha.
  6269 | D:7      | Reached skill level 9 in Shields
  6290 | D:7      | Found a deep blue altar of Sif Muna.
  6291 | D:7      | Found a radiant altar of Vehumet.
  6307 | D:7      | Identified Sif Muna's Disquisition on Moulding
  6319 | D:7      | Learned a level 1 spell: Beastly Appendage
  6453 | D:7      | Found Ykellus's Antique Armour Emporium.
  6472 | D:7      | Bought a twisted cloak for 190 gold pieces
  6472 | D:7      | Identified the +2 cloak of True Grit {Slay+3} (You bought it in a shop on level 7 of the Dungeon)
  6548 | D:7      | Found a bloodstained altar of Trog.
  7048 | D:8      | Noticed an unseen horror
  7056 | D:8      | Killed an unseen horror
  7059 | D:8      | Got an encrusted long sword
  7060 | D:8      | Identified the +5 long sword of Buekhlirr {freeze, *Noise rPois MP+9 Int+5} (You found it on level 8 of the Dungeon)
  7178 | D:8      | Found Dieczeun's Distillery.
  7198 | D:8      | Bought a potion of mutation for 32 gold pieces
  7198 | D:8      | Lost mutation: You possess an exceptional clarity of mind. [potion of mutation]
  7198 | D:8      | Gained mutation: You have large cloven feet. [potion of mutation]
  7198 | D:8      | Gained mutation: You are resistant to hostile enchantments. [potion of mutation]
  7236 | D:8      | Found Tirghof's Book Shop.
  7340 | D:8      | Found Obreonn's Antique Armour Boutique.
  7414 | D:8      | Reached skill level 10 in Shields
  7458 | D:8      | Found a huge runed gate.
  7458 | D:8      | Found a huge runed gate.
  7458 | D:8      | Found a huge runed gate.
  7458 | D:8      | Found a huge runed gate.
  7458 | D:8      | Reached * piety under the Shining One
  7458 | D:8      | Noticed a polar bear
  7459 | D:8      | Noticed a polar bear
  7459 | D:8      | Noticed a griffon
  7459 | D:8      | Noticed a polar bear
  7459 | D:8      | Noticed a polar bear
  7460 | D:8      | Noticed a death yak
  7479 | D:8      | Reached XP level 10. HP: 86/86 MP: 7/7
  7505 | D:8      | Lost mutation: Your muscles are strong. (Str +2) [mutagenic meat]
  7507 | D:8      | Gained mutation: You regenerate slowly when monsters are visible. [mutagenic meat]
  7670 | D:8      | Found a staircase to the Lair.
  7826 | D:8      | Found Kyfo's Distillery.
  8399 | D:8      | Found Fuyh Lavye's Antique Weapon Boutique.
  9093 | D:9      | Gained mutation: You occasionally shout uncontrollably at your foes. [potion of mutation]
  9093 | D:9      | Lost mutation: Your magical capacity is very low (-20% MP). [potion of mutation]
  9234 | D:9      | Reached ** piety under the Shining One
  9250 | D:9      | Reached skill level 5 in Long Blades
  9255 | D:9      | Noticed Grum
  9267 | D:9      | Killed Grum
  9351 | D:9      | Found Gubev's Antique Weapon Shoppe.
  9486 | D:9      | Reached skill level 11 in Shields
  9584 | D:9      | Noticed a gargoyle
  9594 | D:9      | Killed a gargoyle
  9594 | D:9      | Reached XP level 11. HP: 83/94 MP: 9/9
  9636 | D:9      | Found a stormy altar of Qazlal.
 10161 | D:10     | Entered Level 10 of the Dungeon
 10396 | D:10     | Noticed a hill giant
 10403 | D:10     | Killed a hill giant
 10403 | D:10     | Reached skill level 12 in Shields
 10607 | D:10     | Noticed a hill giant
 10616 | D:10     | Killed a hill giant
 10627 | D:10     | Noticed erezeth's ghost (journeyman OgBe)
 10646 | D:10     | Killed erezeth's ghost
 10912 | D:10     | Reached *** piety under the Shining One
 11011 | D:11     | Noticed an unseen horror
 11019 | D:11     | Killed an unseen horror
 11208 | D:11     | Gained mutation: Your muscles are strong. (Str +2) [mutagenic meat]
 11210 | D:11     | Lost mutation: You regenerate slowly when monsters are visible. [mutagenic meat]
 11475 | D:11     | Noticed a cyan ugly thing
 11476 | D:11     | Noticed Harold
 11480 | D:11     | Killed a cyan ugly thing
 11494 | D:11     | Killed Harold
 11980 | D:12     | Noticed a skeletal warrior
 11980 | D:12     | Noticed a skeletal warrior
 11980 | D:12     | Noticed a skeletal warrior
 11994 | D:12     | Killed a skeletal warrior
 11994 | D:12     | Reached skill level 10 in Fighting
 12008 | D:12     | Killed a skeletal warrior
 12008 | D:12     | Reached skill level 10 in Armour
 12019 | D:12     | Killed a skeletal warrior
 12019 | D:12     | Reached skill level 13 in Shields
 12023 | D:12     | Reached **** piety under the Shining One
 12040 | D:12     | Reached XP level 12. HP: 62/106 MP: 10/10
 12149 | D:12     | Noticed a five-headed hydra
 12571 | Lair:1   | Entered Level 1 of the Lair of Beasts
 13593 | Lair:2   | Reached skill level 10 in Long Blades
 14482 | Lair:2   | Gained mutation: Your flesh is cold resistant. [potion of mutation]
 14482 | Lair:2   | Gained mutation: You possess an exceptional clarity of mind. [potion of mutation]
 14559 | Lair:3   | Found a hole to the Spider Nest.
 14613 | Lair:3   | Gained mutation: You evolve. [potion of mutation]
 14709 | Lair:3   | Reached ***** piety under the Shining One
 14969 | Lair:3   | Found a bloodstained altar of Trog.
 15408 | Lair:3   | Found a staircase to the Shoals.
 15663 | Lair:4   | Reached skill level 14 in Shields
 15832 | Lair:4   | Reached XP level 13. HP: 116/116 MP: 11/11
 17286 | Lair:5   | Identified a scroll of acquirement
 17293 | Lair:5   | Lost mutation: You possess an exceptional clarity of mind. [potion of cure mutation]
 17293 | Lair:5   | Lost mutation: Your magical capacity is low (-10% MP). [potion of cure mutation]
 17293 | Lair:5   | Lost mutation: Your muscles are strong. (Str +2) [potion of cure mutation]
 17293 | Lair:5   | Lost mutation: You are partially covered in thin metallic scales (AC +2). [potion of cure mutation]
 17619 | Lair:6   | Learned a level 5 spell: Blade Hands
 18392 | Lair:6   | You fall through a shaft for 2 floors!
 18392 | Lair:8   | Entered Level 8 of the Lair of Beasts
 18399 | Lair:8   | Reached skill level 1 in Evocations
 18401 | Lair:8   | Reached skill level 15 in Shields
 18420 | Lair:8   | HP: 3/175 [spiny frog (9)]
 18421 | Lair:8   | Slain by a spiny frog

Skill      XL: |  1  2  3  4  5  6  7  8  9 10 11 12 13 |
---------------+----------------------------------------+-----
Fighting       | 4 5 6 7 8 10 11 | 11.9
Dodging        | 1 2 3 4 5 7 8 |  8.7
Shields        | 4 5 6 7 8 10 11 13 14 15 | 15.0
Armour         | 4 5 6 8 9 10 11 12 | 12.2
Long Blades    | 3 5 9 11 12 | 12.3
Polearms       | 1 3 4 6 |  6.3
Stealth        | 1 2 |  2.1
Evocations     | 1 |  1.0
Invocations    | |  0.6

Action                   |  1- 3 |  4- 6 |  7- 9 | 10-12 | 13-15 || total
-------------------------+-------+-------+-------+-------+-------++-------
Melee: Long sword        |   109 |    23 |    15 |   610 |   123 ||   880
       Headbutt          |     9 |    17 |    79 |   131 |    74 ||   310
       Spear             |       |   103 |   315 |       |       ||   418
       Double sword      |       |       |       |       |   133 ||   133
Invok: Divine Shield     |       |       |       |     1 |     1 ||     2
Evoke: Wand              |       |       |     3 |     1 |     2 ||     6
       Deck              |       |       |       |       |     1 ||     1
  Use: Potion            |     1 |     5 |     1 |    12 |     7 ||    26
       Scroll            |     2 |     5 |    14 |    13 |     4 ||    38
 Stab: Distracted        |     1 |       |       |       |       ||     1
       Held in net/web   |       |       |       |     1 |       ||     1
  Eat: Chunk             |     6 |     9 |    22 |    16 |       ||    53
       Bread ration      |       |       |       |     5 |     2 ||     7
       Pizza             |       |       |       |     1 |       ||     1
Armor: Scale mail        |    48 |     2 |   107 |     8 |       ||   165
       Chain mail        |       |    91 |    44 |       |       ||   135
       Plate armour      |       |       |       |   263 |   149 ||   412
       Skin              |       |       |       |       |    77 ||    77
Dodge: Dodged            |    37 |    37 |   127 |   222 |   153 ||   576
Block: Shield            |    58 |    96 |   237 |   424 |   274 ||  1089
